 Dungeon Crawl Stone Soup version 0.17-a0-2098-gf59d6bc (webtiles) character file.

43 4thArraOfDagon the Chopper (level 3, -3/51 HPs)
             Began as a Deep Dwarf Berserker on Oct 17, 2015.
             Was a Follower of Trog.
             Slain by a hound (4 damage)
             ... on level 5 of the Dungeon.
             The game lasted 00:01:30 (255 turns).

4thArraOfDagon the Chopper (Deep Dwarf Berserker)    Turns: 255, Time: 00:01:30

Health: -3/51      AC:  2    Str: 25    XL:     3   Next: 37%
Magic:  3/3        EV: 12    Int:  8    God:    Trog [*.....]
Gold:   28         SH:  0    Dex: 12    Spells: 0 memorised, 2 levels left

rFire  . . .     SeeInvis .     a - +0 hand axe
rCold  . . .     Clarity  .     b - +0 animal skin
rNeg   . . .     SustAt   .     (no shield)
rPois  .         Gourm    .     (no helmet)
rElec  .         Spirit   .     (no cloak)
rCorr  .         Warding  .     (no gloves)
rMut   .         Stasis   .     (no boots)
MR     .....                    (no amulet)
Stlth  ..........               (no ring)
                                (no ring)

@: berserking, non-regenerating, very quick, not resistant to hostile
enchantments, extremely unstealthy
A: damage resistance, recharge devices, sense surroundings 1, slow regeneration
3
a: Device Recharging, Burn Spellbooks, Berserk, Renounce Religion


You were on level 5 of the Dungeon.
You worshipped Trog.
Trog was aware of your devotion.
You were not hungry.

You visited 1 branch of the dungeon, and saw 5 of its levels.

You collected 28 gold pieces.

Inventory:

Hand Weapons
 a - a +0 hand axe (weapon)
Armour
 b - a +0 animal skin (worn)
Wands
 c - a wand of heal wounds (5)
Scrolls
 e - a scroll of immolation {unknown}
 f - a scroll of recharging {unknown}
 h - a scroll of enchant weapon {unknown}
 m - 3 scrolls of teleportation {unknown}
Potions
 g - a potion of curing {unknown}
 i - 2 potions of agility {unknown}
Books
 k - a book of Burglary

   Spells                             Type                      Level
   a - Swiftness                      Charms/Air                   2
   b - Passwall                       Transmutation/Earth          3
   c - Passage of Golubria            Translocation                4
   d - Lee's Rapid Deconstruction     Earth                        5
   e - Darkness                       Hexes                        6
   f - Invisibility                   Hexes                        6
   Trog disapproves of the use of such an item.
Comestibles
 d - 2 bread rations
 j - a chunk of flesh
 l - a slice of pizza


   Skills:
 + Level 3.0 Fighting
 * Level 4.2 Axes
 + Level 2.8 Armour
 - Level 2.1 Dodging


You had 2 spell levels left.
You didn't know any spells.

Dungeon Overview and Level Annotations

Branches:
Dungeon (5/15)
 Temple: D:4-7

Altars:


Innate Abilities, Weirdness & Mutations

You are resistant to damage.
You can recharge devices by infusing magical energy.
You passively map a small area around you.
You do not regenerate naturally.


Message History

You kill the orc priest!
Trog accepts your kill.
Your Fighting skill increases to level 3!
Your Axes skill increases to level 4!
You have reached level 3!
Your experience leads to an increase in your attributes!
Your base attributes are Str 20, Int 7, Dex 12.
Increase (S)trength, (I)ntelligence, or (D)exterity?
You feel clever.
You closely miss the orc wizard. You closely miss the hound.
The hound is lightly wounded.
The orc wizard barely misses you. The hound misses you.
Unknown command.
You hit the orc wizard.
The orc wizard is moderately wounded.
You slash the hound!
The hound is severely wounded.
The orc wizard casts a spell.
The orc wizard blinks!
The hound bites you.
You die...

,* ...# , ,
##...## , , , >
....... , *
o...... ** .......
####.......#
###.>........##
###...)ยง...##...#
, *
#.....@h.###.....
.........##......
*
........#(....#**
##........(.###
#.........## ,
#........##
*#......<##
.........#**
.#......... *


You could see a hound and an orc wizard.

Vanquished Creatures
  An orc priest (D:5)
  An ooze (D:3)
  A goblin (D:2)
  A hobgoblin (D:3)
  A kobold (D:3)
  A quokka (D:3)
  2 bats
  2 rats (D:3)
10 creatures vanquished.

Notes
Turn   | Place    | Note
--------------------------------------------------------------
     0 | D:1      | 4thArraOfDagon the Deep Dwarf Berserker began the quest for the Orb.
     0 | D:1      | Reached XP level 1. HP: 20/20 MP: 1/1
   174 | D:3      | Reached XP level 2. HP: 27/27 MP: 2/2
   242 | D:5      | Entered Level 5 of the Dungeon
   253 | D:5      | HP: 1/40 [orc priest/morningstar (6)]
   254 | D:5      | Reached skill level 4 in Axes
   254 | D:5      | Reached XP level 3. HP: 1/34 MP: 3/3
   255 | D:5      | Slain by a hound

Vault maps used:
D:1:      minmay_arrival_three_doors
D:2:      lightli_temple_of_fire, minmay_misc_feat_roman
D:3:      lemuel_round_altar, minivault_24, hangedman_decor_peaks_small,
          hangedman_ru_absence
D:4:      minmay_door_path, temple_statues, first_bread
D:5:      tso_altar, serial_shops, shop_coins

Action                   || total
-------------------------++-------
Melee: Hand axe          ||    17
Invok: Berserk           ||     2
